 Dungeon Crawl Stone Soup version 0.17.0-24-gcfadda4 (webtiles) character file.

58 dysrexia the Digger (level 3, -2/21 HPs)
             Began as a High Elf Earth Elementalist on Nov 15, 2015.
             Slain by a goblin
             ... wielding a +0 dagger
             ... led by Robin
              (5 damage)
             ... on level 2 of the Dungeon.
             The game lasted 00:05:53 (893 turns).

dysrexia the Digger (High Elf Earth Elementalist)    Turns: 893, Time: 00:05:53

Health: -2/21      AC:  2    Str:  7    XL:     3   Next: 75%
Magic:  2/8        EV: 13    Int: 19    God:
Gold:   48         SH:  0    Dex: 16    Spells: 2 memorised, 3 levels left

rFire  . . .     SeeInvis .     l - +2 dagger (elec)
rCold  . . .     Clarity  .     a - +0 robe
rNeg   . . .     SustAt   .     (no shield)
rPois  .         Gourm    .     (no helmet)
rElec  .         Spirit   .     (no cloak)
rCorr  .         Warding  .     (no gloves)
rMut   .         Stasis   .     (no boots)
MR     .....                    (no amulet)
Stlth  ++........               (no ring)
                                (no ring)

@: not resistant to hostile enchantments, unstealthy
A: no striking features
a: no special abilities


You were on level 2 of the Dungeon.
You were not hungry.

You visited 1 branch of the dungeon, and saw 2 of its levels.

You collected 48 gold pieces.

Inventory:

Hand Weapons
 h - a +0 whip of venom
 l - a +2 dagger of electrocution (weapon)
Missiles
 g - 26 stones (quivered)
Armour
 a - a +0 robe (worn)
Jewellery
 n - an uncursed ring of protection from magic {unknown}
Scrolls
 b - a scroll of teleportation {unknown}
 e - a scroll of identify {unknown}
Potions
 j - 2 potions of lignification {unknown}
 k - a potion of degeneration {unknown}
 m - a potion of agility {unknown}
Books
 c - a book of Geomancy

   Spells                             Type                      Level
   a - Sandblast                      Earth                        1
   b - Stoneskin                      Transmutation/Earth          2
   c - Passwall                       Transmutation/Earth          3
   d - Stone Arrow                    Conjuration/Earth            3
   e - Petrify                        Transmutation/Earth          4
   f - Lee's Rapid Deconstruction     Earth                        5
Comestibles
 d - 2 bread rations
 f - 4 chunks of flesh
 i - a beef jerky


   Skills:
 - Level 2.5 Dodging
 - Level 2.3 Stealth
 + Level 2.9 Spellcasting
 + Level 0.9 Conjurations
   Level 1.1 Transmutations
 * Level 3.3 Earth Magic


You had 3 spell levels left.
You knew the following spells:

 Your Spells              Type           Power        Failure   Level  Hunger
a - Sandblast             Erth           ###...       4%          1    None
b - Stone Arrow           Conj/Erth      ##....       21%         3    ###....


Dungeon Overview and Level Annotations

Branches:
Dungeon (2/15)

Altars:
The Shining One

Annotations:
D:2 Robin


Message History

The goblin shouts!
You barely miss Robin.
Robin is heavily wounded.
Robin hits you with a short sword! 2 goblins come into view.
Robin roars a battlecry!
The goblins go into a battle-frenzy!
The goblin shouts! x2
You hear a shout! x2
Robin hits you with a short sword.
A goblin comes into view.
The goblin hits you with a dagger.
* * * LOW HITPOINT WARNING * * *
A goblin comes into view. It is wielding a club.
Robin throws the goblin at you! The goblin hits you with a dagger.
* * * LOW HITPOINT WARNING * * *
A goblin comes into view. It is wielding a club.
Robin's bangles clink loudly.
The goblin hits you with a dagger.
You die...

..# .....# #. ...#.#
..# .... #.##.#.# #.#
... #....<.# #># #.#
####.### ##.#####.# #.#
#........#### #.#
#..##.......### #.#
#..##.......gg# #.#
###..##.......#@####.#
#......)......g......#
#..###.###..gg.#.######
#.. #.# #..gg.#.# ..
#'# #)..g...# ##
+_+...g.##### #####...#
### #...# ### #...#


You could see 9 goblins.

Vanquished Creatures
  An adder (D:1)
  A gnoll (D:1)
  3 giant geckos (D:1)
  4 bats
  9 goblins
  2 hobgoblins (D:1)
  3 jackals (D:1)
  A ball python (D:1)
  A giant newt (D:2)
  3 kobolds (D:1)
  6 rats (D:1)
34 creatures vanquished.

Notes
Turn   | Place    | Note
--------------------------------------------------------------
     0 | D:1      | dysrexia the High Elf Earth Elementalist began the quest for the Orb.
     0 | D:1      | Reached XP level 1. HP: 11/11 MP: 4/4
   117 | D:1      | Reached XP level 2. HP: 17/17 MP: 2/6
   263 | D:1      | Reached skill level 3 in Earth Magic
   354 | D:1      | Reached XP level 3. HP: 21/21 MP: 6/8
   434 | D:1      | Learned a level 3 spell: Stone Arrow
   873 | D:2      | Found a glowing golden altar of the Shining One.
   873 | D:2      | Noticed Robin
   893 | D:2      | Slain by a goblin

Action                   || total
-------------------------++-------
Melee: Whip              ||     3
       Dagger            ||    22
Throw: Stone             ||     1
 Cast: Sandblast         ||    35
       Stone Arrow       ||     3
 Stab: Sleeping          ||     4
